Map: Ruins of Seras

Players

showjin

  • Race: Protoss Protoss
  • League: Gold

Nero - Winner!

  • Race: Protoss Protoss

VOD

Have the link to the VOD?

Description

Time

  • Played on: Jan. 25, 2016, 9:20 a.m.
  • Length: 16:45
Show
View Real Time Build Order
Export as new Build Order

showjin Protoss 

Build Orders: 1 Gate Expand 

Get SALT Encoding   

  12  0:01  Probe (Chrono Boost)  
  13  0:19  Pylon, Probe (Chrono Boost)  
  14  0:30  Probe (Chrono Boost)  
  15  0:38  Gateway  
  15  0:42  Probe (Chrono Boost)  
  16  0:48  Assimilator  
  17  0:57  Probe (Chrono Boost)  
  17  1:07  Probe (Chrono Boost)  
  18  1:28  Nexus  
  18  1:35  Zealot  
  20  1:43  Probe (Chrono Boost)  
  21  1:53  Pylon, Probe (Chrono Boost)  
  22  2:04  Probe (Chrono Boost)  
  23  2:12  Cybernetics Core  
  23  2:14  Probe (Chrono Boost)  
  24  2:25  Probe (Chrono Boost)  
  25  2:30  Assimilator  
  25  2:36  Probe (Chrono Boost)  
  26  2:46  Probe (Chrono Boost)  
  26  2:50  Pylon  
  27  2:51  Forge  
  27  2:53  Assimilator  
  27  2:54  Probe (Chrono Boost)  
  28  3:03  Probe (Chrono Boost)  
  29  3:18  Probe (Chrono Boost)  
  29  3:19  Warp Gate  
  30  3:25  Pylon  
  30  3:28  Probe (Chrono Boost)  
  30  3:31  Probe (Chrono Boost)  
  30  3:34  Pylon  
  31  3:42  Probe (Chrono Boost)  
  32  3:50  Gateway  
  32  3:53  Probe (Chrono Boost)  
  33  3:55  Robotics Facility  
  33  3:57  Pylon  
  33  4:00  Probe (Chrono Boost)  
  34  4:03  Probe (Chrono Boost)  
  34  4:08  Assimilator  
  35  4:11  Probe (Chrono Boost)  
  35  4:14  Probe (Chrono Boost)  
  35  4:15  Pylon  
  37  4:19  Protoss Ground Weapons Level 1 (Chrono Boost)  
  37  4:20  Mothership Core (Chrono Boost)  
  39  4:24  Sentry  
  39  4:28  Probe  
  42  4:37  Photon Cannon  
  42  4:38  Probe  
  42  4:40  Probe  
  44  4:48  Observer  
  44  4:49  Probe  
  44  4:51  Robotics Bay  
  46  4:53  Probe  
  47  5:01  Photon Cannon  
  47  5:02  Photon Cannon  
  47  5:05  Probe x2  
  48  5:10  Stalker  
  51  5:17  Probe  
  51  5:20  Gateway  
  52  5:25  Gateway  
  52  5:29  Probe  
  52  5:30  Probe  
  52  5:31  Photon Cannon  
  54  5:40  Pylon  
  54  5:41  Probe x2  
  56  5:53  Probe  
  57  6:00  Protoss Ground Armor Level 1 (Chrono Boost)  
  57  6:02  Probe  
  57  6:07  Extended Thermal Lance (Chrono Boost), Observer  
  58  6:12  Robotics Facility  
  58  6:16  Robotics Facility  
  58  6:19  Probe  
  58  6:21  Stalker  
  61  6:28  Stalker x2  
  61  6:30  Stalker  
  67  6:34  Probe  
  68  6:42  Observer  
  68  6:46  Probe  
  70  6:49  Pylon  
  70  6:59  Probe  
  70  7:00  Probe  
  72  7:02  Colossus  
  72  7:06  Stalker x3, Photon Cannon  
  72  7:07  Stalker  
  86  7:09  Probe  
  86  7:21  Gateway  
  90  7:23  Immortal  
  90  7:40  Photon Cannon  
  90  7:41  Probe  
  90  7:42  Observer Gravitic Boosters (Chrono Boost)  
  91  7:44  Probe  
  91  7:47  Protoss Air Weapons Level 1  
  91  7:48  Pylon  
  92  7:56  Twilight Council, Immortal, Stalker  
  92  7:58  Stalker  
  100  8:06  Immortal  
  100  8:07  Pylon  
  104  8:23  Nexus  
  104  8:26  Pylon  
  104  8:32  Gravitic Drive (Chrono Boost)  
  104  8:35  Stalker x4  
  104  8:36  Observer  
  113  8:45  Assimilator  
  113  8:46  Protoss Ground Weapons Level 2  
  114  8:48  Observer, Assimilator  
  114  8:51  Pylon  
  114  8:56  Probe  
  114  8:57  Observer  
  114  8:58  Probe  
  117  9:06  Gateway x2  
  117  9:08  Probe  
  118  9:10  Probe  
  118  9:11  Photon Cannon  
  119  9:26  Colossus x2 (Chrono Boost)  
  132  9:53  Probe (Chrono Boost)  
  132  9:54  Stalker x3  
  138  10:13  Photon Cannon  
  138  10:16  Photon Cannon  
  138  10:24  Observer x2 (Chrono Boost)  
  140  10:30  Robotics Facility  
  140  11:01  Protoss Ground Armor Level 2 (Chrono Boost)  
  140  11:11  Photon Cannon, Zealot x4  
  146  11:14  Photon Cannon  
  148  11:44  Nexus  
  148  11:46  Assimilator  
  148  11:50  Assimilator  
  148  11:54  Pylon  
  148  11:55  Pylon  
  148  11:57  Pylon  
  148  12:11  Photon Cannon x2  
  148  12:12  Colossus (Chrono Boost)  
  148  12:13  Colossus (Chrono Boost), Photon Cannon  
  148  12:15  Photon Cannon x2  
  160  12:18  Gateway, Photon Cannon  
  160  12:19  Gateway  
  160  12:22  Photon Cannon  
  160  12:24  Photon Cannon  
  160  12:29  Photon Cannon  
  160  12:30  Photon Cannon  
  160  12:32  Photon Cannon  
  160  12:34  Colossus (Chrono Boost)  
  160  12:36  Photon Cannon  
  166  12:39  Pylon  
  166  12:53  Colossus (Chrono Boost)  
  166  12:58  Colossus  
  166  13:01  Blink  
  168  13:19  Stalker x4  
  162  13:24  Colossus  
  138  13:38  Zealot x2  
  107  13:43  Colossus  
  107  13:52  Colossus  
  101  14:09  Pylon, Zealot  
  102  14:10  Zealot x5  
  97  14:38  Zealot  
  97  14:39  Zealot x5  
  97  14:42  Disruptor  
  85  14:46  Colossus  
  85  14:52  Zealot x2  
  77  14:56  Probe  
  65  15:06  Probe  
  65  15:17  Probe  
Show
View Real Time Build Order
Export as new Build Order

Nero Protoss - Winner!

Build Orders:  

Get SALT Encoding   

  12  0:01  Probe (Chrono Boost)  
  13  0:12  Probe (Chrono Boost)  
  14  0:20  Pylon  
  14  0:28  Probe (Chrono Boost)  
  15  0:38  Probe (Chrono Boost)  
  16  0:49  Probe (Chrono Boost)  
  17  0:59  Probe (Chrono Boost)  
  18  1:08  Nexus  
  18  1:13  Probe (Chrono Boost)  
  19  1:32  Gateway  
  19  1:35  Gateway  
  19  1:41  Probe (Chrono Boost)  
  19  1:44  Assimilator  
  20  1:51  Probe (Chrono Boost)  
  21  2:09  Assimilator  
  21  2:14  Pylon  
  21  2:18  Pylon  
  21  2:24  Cybernetics Core, Probe (Chrono Boost)  
  22  2:36  Probe x2 (Chrono Boost)  
  24  2:39  Pylon  
  24  2:46  Probe (Chrono Boost)  
  24  2:50  Assimilator  
  25  2:54  Forge  
  25  2:57  Probe (Chrono Boost)  
  26  3:01  Probe (Chrono Boost)  
  27  3:06  Adept  
  27  3:07  Probe (Chrono Boost)  
  30  3:22  Adept  
  30  3:24  Warp Gate  
  31  3:27  Probe (Chrono Boost)  
  31  3:28  Probe (Chrono Boost)  
  31  3:33  Adept  
  35  3:38  Photon Cannon, Probe x2 (Chrono Boost)  
  37  3:45  Photon Cannon  
  38  3:48  Probe (Chrono Boost)  
  38  3:51  Sentry  
  40  4:01  Sentry, Probe x2 (Chrono Boost)  
  44  4:04  Protoss Ground Weapons Level 1  
  44  4:12  Probe (Chrono Boost)  
  45  4:20  Gateway  
  45  4:25  Adept, Gateway  
  45  4:30  Stalker  
  49  4:35  Pylon  
  49  4:38  Pylon  
  49  4:41  Probe x2 (Chrono Boost)  
  49  4:42  Pylon  
  49  4:45  Assimilator  
  51  4:51  Probe (Chrono Boost)  
  53  4:54  Mothership Core (Chrono Boost)  
  53  4:58  Stalker  
  56  5:06  Stalker  
  58  5:09  Stalker  
  58  5:12  Probe (Chrono Boost)  
  58  5:13  Stalker  
  63  5:23  Probe (Chrono Boost)  
  63  5:26  Photon Cannon  
  64  5:29  Probe (Chrono Boost)  
  64  5:34  Probe (Chrono Boost)  
  66  5:38  Robotics Facility  
  66  5:39  Robotics Facility  
  66  5:42  Probe (Chrono Boost)  
  67  5:44  Probe (Chrono Boost)  
  68  5:55  Stalker x2  
  72  5:57  Stalker  
  72  6:03  Stalker  
  76  6:12  Protoss Ground Armor Level 1  
  76  6:18  Twilight Council  
  76  6:20  Forge  
  76  6:34  Observer x2  
  78  6:41  Pylon  
  78  6:42  Pylon  
  78  6:44  Pylon x2  
  78  6:46  Pylon  
  78  6:51  Pylon  
  78  6:54  Protoss Ground Weapons Level 2  
  78  6:58  Blink  
  78  7:07  Immortal x2  
  86  7:35  Nexus  
  86  7:37  Sentry x3  
  88  7:39  Assimilator  
  88  7:40  Zealot  
  88  7:41  Assimilator  
  94  7:45  Pylon  
  94  7:48  Pylon  
  94  7:54  Immortal  
  102  7:58  Immortal  
  102  8:10  Probe (Chrono Boost)  
  102  8:11  Probe (Chrono Boost)  
  104  8:14  Stalker x2  
  104  8:18  Stalker  
  110  8:21  Probe (Chrono Boost)  
  110  8:24  Probe (Chrono Boost)  
  112  8:31  Probe (Chrono Boost)  
  113  8:35  Probe (Chrono Boost)  
  114  8:42  Stalker  
  114  8:43  Stalker x3  
  114  8:45  Probe (Chrono Boost)  
  114  8:48  Probe (Chrono Boost)  
  124  8:50  Probe (Chrono Boost)  
  125  8:56  Probe (Chrono Boost)  
  126  9:24  Zealot x4  
  128  9:28  Charge  
  128  9:30  Protoss Ground Weapons Level 3 (Chrono Boost), Protoss Ground Armor Level 2 (Chrono Boost)  
  132  9:50  Probe (Chrono Boost)  
  132  9:51  Probe x2 (Chrono Boost)  
  135  9:56  Immortal  
  135  9:57  Immortal  
  143  10:01  Probe x2 (Chrono Boost), Zealot  
  147  10:17  Probe (Chrono Boost)  
  147  10:18  Probe x2 (Chrono Boost)  
  147  10:21  Zealot x3  
  152  10:26  Probe (Chrono Boost)  
  157  10:39  Pylon  
  157  10:41  Pylon x2  
  157  10:42  Pylon  
  157  10:45  Pylon  
  157  10:47  Pylon x2  
  157  10:57  Immortal  
  157  10:59  Pylon  
  157  11:02  Pylon  
  157  11:03  Pylon  
  161  11:07  Gateway  
  161  11:08  Gateway  
  161  11:12  Gateway  
  161  11:14  Photon Cannon  
  161  11:15  Photon Cannon  
  161  11:20  Zealot x3  
  161  11:24  Zealot  
  169  11:54  Protoss Ground Armor Level 3 (Chrono Boost)  
  151  12:10  Zealot x6  
  151  12:13  Immortal  
  151  12:14  Immortal  
  171  12:26  Zealot x4  
  171  12:27  Zealot x12  
  171  12:37  Zealot x7  
  171  13:25  Immortal x2  
  131  14:27  Stalker  
  131  14:28  Stalker x2  
  131  14:29  Stalker x4  
  131  14:31  Immortal x2  
  137  15:10  Immortal x2  
  137  15:35  Stalker x3  
  137  15:36  Stalker x4  
  137  15:49  Immortal x2  
Tags
 
League
Gold
Matchup
PvP
Replay Pack
rep
Add a new tag
Caveats
  • Supply blocks, unpowered buildings, or Contaminate may cause inaccurate times.
  • Supply counts are checked every 10 seconds.